 Dungeon Sprint DCSS version 0.30-a0-1102-g2dbb833546 (webtiles) character file.

Game seed: 14711485281716315226

130 Conn the Firebug (level 5, -7/31 HPs)
             Began as an Octopode Fire Elementalist on Apr 18, 2023.
             Was an Initiate of Sif Muna.
             Killed from afar by a deep elf pyromancer (38 damage)
             ... with a bolt of fire
             ... in the Dungeon (Sprint III: "The Ten Rune Challenge").
             The game lasted 00:06:10 (553 turns).

Conn the Firebug (Octopode Fire Elementalist)        Turns: 553, Time: 00:06:10

Health: -7/31      AC:  1    Str:  7    XL:     5   Next: 13%
Magic:  4/11       EV: 14    Int: 20    God:    Sif Muna [......]
Gold:   25         SH:  0    Dex: 12    Spells: 2/13 levels left

rFire   . . .      SeeInvis .    e - +0 dagger
rCold   . . .      Faith    .    (no shield)
rNeg    . . .      Spirit   .    (helmet restricted)
rPois   .          Reflect  .    (no amulet)
rElec   .          Rampage  .    (no ring)
rCorr   .          NoTele   +    (no ring)
Will    .....                    (no ring)
Stlth   ++++                     (no ring)
HPRegen 0.25/turn                (no ring)
MPRegen 0.12/turn                (no ring)
                                 (no ring)
                                 (no ring)

@: no status effects
A: almost no armour, amphibious, 8 rings, camouflage 1, gelatinous body 1,
(nimble swimmer 1), tentacles
a: Renounce Religion


You were in the Dungeon.
You worshipped Sif Muna.
Sif Muna was noncommittal.
You visited 1 branch You collected 25 gold pieces.

Inventory:

Hand Weapons
 e - a +0 dagger (weapon)
Scrolls
 f - a scroll of immolation {unknown}
 g - a scroll of fear {unknown}
 h - 3 scrolls of identify
 j - a scroll of torment {unknown}
Potions
 a - 2 potions of magic
 b - a potion of curing
 c - a potion of heal wounds
 d - a potion of haste
 i - 4 potions of flight
 k - 7 potions of mutation


   Skills:
 + Level 0.1 Fighting
 + Level 3.8 Dodging
 + Level 5.1 Stealth
 - Level 0.5 Unarmed Combat
 + Level 4.5 Spellcasting
 + Level 1.8 Conjurations
 + Level 7.6 Fire Magic


You had 2 spell levels left.
You knew the following spells:

 Your Spells              Type           Power      Damage    Failure   Level
a - Foxfire               Conj/Fire      92%        2x1d8     1%          1
b - Scorch                Fire           70%        2d8       1%          2
c - Inner Flame           Hex/Fire       19%        N/A       8%          3
d - Flame Wave            Conj/Fire      23%        2d8       17%         4
e - Magic Dart            Conj           44%        1d5       6%          1

Your spell library contained the following spells:

 Spells                   Type           Power      Damage    Failure   Level
 Kiss of Death            Conj/Necr      32%        2d7       9%          1
 Searing Ray              Conj           22%        2d5       9%          2
 Volatile Blastmotes      Fire/Tloc      38%        2d13      8%          3
 Confusing Touch          Hex            4%         N/A       36%         3
 Fulminant Prism          Conj/Hex       4%         3d5       63%         4
 Dispel Undead            Necr           4%         3d7       77%         4


Dungeon Overview and Level Annotations

Branches:
Dungeon (1/1)

Altars:
Elyvilon
Kikubaaqudgha
Sif Muna
Vehumet
Zin
The Shining One


Innate Abilities, Weirdness & Mutations

You cannot wear most types of armour.
You are amphibious.
You can wear up to eight rings at the same time.
Your skin changes colour to match your surroundings (Stealth+).
Your rubbery body absorbs attacks. (AC +1, EV +1)
((You are camouflaged when in or above water. (Stealth+)))
You have tentacles for arms and can constrict up to eight enemies at once.


Message History

Found three altars.
Unknown command.
Your foxfire dissipates! x2
There is a fountain of clear blue water here.
You start resting.
Magic restored.
There is a fountain of clear blue water here.
A deep elf pyromancer comes into view.
It is wielding a +0 long sword of holy wrath.
Found a potion of heal wounds.
There is an open door here.
Casting: Foxfire (safe; 1% risk of failure)
Confirm with . or Enter, or press ? or * to list all spells.
The spell is quite dangerous to miscast (8% risk of failure)!
Continue anyway?
Aiming: Inner Flame (quite dangerous; 8% risk of failure)
Press: ? - help, Dir - move target, f - deep elf pyromancer
Aim: a deep elf pyromancer, wielding a +0 long sword of holy wrath (asleep, chance to affect: 58%)
The deep elf pyromancer shouts!
The deep elf pyromancer resists with significant effort.
The deep elf pyromancer casts a spell.
The deep elf pyromancer blinks!
Casting: Inner Flame (quite dangerous; 8% risk of failure)
Confirm with . or Enter, or press ? or * to list all spells.
The spell is quite dangerous to miscast (8% risk of failure)!
Continue anyway?
Aiming: Inner Flame (quite dangerous; 8% risk of failure)
Press: ? - help, Dir - move target, f/p - deep elf pyromancer
Aim: a deep elf pyromancer, wielding a +0 long sword of holy wrath (chance to affect: 58%)
The deep elf pyromancer is filled with an inner flame.
Casting: Inner Flame (quite dangerous; 8% risk of failure)
Confirm with . or Enter, or press ? or * to list all spells.
You conjure some foxfire!
The deep elf pyromancer closely misses you.
The foxfire hits the deep elf pyromancer.
Flame seeps out of the deep elf pyromancer.
The deep elf pyromancer is lightly wounded.
The deep elf pyromancer is engulfed in blazing flames.
Flame seeps out of the deep elf pyromancer.
The deep elf pyromancer casts a spell at you.
The bolt of fire hits you!!!
Ouch! That really hurt!
You die...

▓▓▓▓▓ ▓▓▓ #...####
##.#####
#...†..#####..#___#
#.......#..#..#!@§#
##.##...#..#..###'#+###+##
##.###..##'#..#.v.e......#
###.##..###...'.⌠........#
#..##..####...#...######+#
...##..###....#.⌠.#
..##...##.....#...#
.##....#......#)###
###..##.#.....#[..#


You could see a deep elf pyromancer (inner flame).

Vanquished Creatures
  A water elemental (D)
  A wizard (D)
  A human (D)
  A kobold demonologist (D)
  A phantom (D)
  An endoplasm (D)
  3 rats (D)
9 creatures vanquished.

Vanquished Creatures (others)
  18 foxfires (D)
18 creatures vanquished.

Grand Total: 27 creatures vanquished

Notes
Turn   | Place    | Note
-------+----------+-------------------------------------------
     0 | D        | Conn the Octopode Fire Elementalist began the quest for the
                  | Orb.
     0 | D        | Reached XP level 1. HP: 11/11 MP: 3/3
   128 | D        | Reached skill level 4 in Fire Magic
   128 | D        | Reached XP level 2. HP: 6/17 MP: 3/5
   186 | D        | Learned a level 2 spell: Scorch
   221 | D        | Reached skill level 5 in Fire Magic
   221 | D        | Reached XP level 3. HP: 21/21 MP: 1/7
   286 | D        | Noticed a water elemental
   299 | D        | Killed a water elemental
   300 | D        | Reached skill level 6 in Fire Magic
   300 | D        | Reached XP level 4. HP: 5/27 MP: 5/10
   402 | D        | Learned a level 3 spell: Inner Flame
   407 | D        | Learned a level 4 spell: Flame Wave
   407 | D        | Found a radiant altar of Vehumet.
   407 | D        | Found a shimmering blue altar of Sif Muna.
   407 | D        | Found an ancient bone altar of Kikubaaqudgha.
   407 | D        | Noticed a wizard
   409 | D        | Killed a wizard
   410 | D        | Reached skill level 5 in Stealth
   410 | D        | Reached skill level 7 in Fire Magic
   411 | D        | Noticed a hellwing
   412 | D        | Reached XP level 5. HP: 31/31 MP: 2/11
   419 | D        | Became a worshipper of Sif Muna the Loreminder
   422 | D        | Learned a level 1 spell: Magic Dart
   540 | D        | Found a glowing silver altar of Zin.
   540 | D        | Found a glowing golden altar of the Shining One.
   540 | D        | Found a white marble altar of Elyvilon.
   549 | D        | Noticed a deep elf pyromancer
   553 | D        | Killed from afar by a deep elf pyromancer

Illustrated notes

Levels and vault maps discovered:
D:        dungeon_sprint_mu [sprint_mu_entry_cave, sprint_mu_temple_rooms,
          sprint_mu_d1_horrors, sprint_mu_d2_genie, sprint_mu_d3_branching,
          sprint_mu_orc_legion, sprint_mu_elf_gauntlet, sprint_mu_hive_nellie,
          sprint_mu_lair_fedhas, sprint_mu_vaults_butterflies,
          sprint_mu_slime_circle, sprint_mu_swamp_cave, sprint_mu_snake_twists,
          sprint_mu_blade_basic, sprint_mu_crypt_chambers,
          sprint_mu_tomb_spiral, sprint_mu_vestibule_basic,
          sprint_mu_gehenna_hellfire, sprint_mu_dis_giant,
          sprint_mu_tartarus_statrot, sprint_mu_cocytus_islands, sprint_mu_zot1]

Skill      XL: |  1  2  3  4 |
---------------+-------------+-----
Stealth        | 4 5 |  5.1
Fire Magic     | 4 5 6 7 |  7.6
Spellcasting   | 3 4 |  4.5
Dodging        | 3 |  3.8
Fighting       | |  0.1
Unarmed Combat | |  0.5
Conjurations   | |  1.8

Action                     |  1- 3 |  4- 6 || total
---------------------------+-------+-------++-------
  Melee: Unarmed           |    10 |       ||    10
         Tentacles         |     4 |       ||     4
         Constrict         |     1 |       ||     1
         Punch             |     1 |       ||     1
   Cast: Foxfire           |     9 |     2 ||    11
         Scorch            |     5 |     1 ||     6
         Flame Wave        |       |     1 ||     1
         Inner Flame       |       |     2 ||     2
    Use: Potion            |     2 |       ||     2
         Scroll            |     1 |       ||     1
  Dodge: Dodged            |     6 |     1 ||     7

Table legend: (Time is in decaauts)
 A = Elapsed time spent in this place.
 B = Non-inter-level travel time spent in this place.
 C = Inter-level travel time spent in this place.
 D = Time resting spent in this place.
 E = Time spent auto-exploring this place.
 F = Levels seen in this place.
 G = Mean time per level.
                   A        B        C        D        E       F      G
               +--------+--------+--------+--------+--------+-----+--------+
         Total |    557 |    557 |      0 |    234 |     82 |   1 |  557.0 |
       Dungeon |    557 |    557 |      0 |    234 |     82 |   1 |  557.0 |
               +--------+--------+--------+--------+--------+-----+--------+

Top non-repeatable levels by time:
       D: 557 daAuts
